[ AOE2 MATCH · #483452193 ]
UnrankedSaracens vs Persians
[ REPLAY ANALYSIS · EXTRACTED FROM THE RECORDED GAME ]
Feudal
11:18
Castle
24:14
Imperial
44:09
| APM avg | 45.3 |
| APM peak | 100 |
| eAPM avg | 27.0 |
| Villagers / military | 306 / 572 |
Focus
⚔️ 42.8% · 🌾 57.2%
Archer ×251 · Scout Cavalry ×229 · Skirmisher ×55 · Battering Ram ×16 · Bombard Cannon ×11 · Spearman ×4
Feudal
12:48
Castle
36:49
Imperial
—
| APM avg | 15.6 |
| APM peak | 76 |
| eAPM avg | 7.1 |
| Villagers / military | 68 / 85 |
Focus
⚔️ 25.6% · 🌾 74.4%
Camel Scout ×59 · Scout Cavalry ×19 · Militia ×4 · Spearman ×2 · War Elephant ×1
Feudal
14:09
Castle
23:30
Imperial
48:39
| APM avg | 14.0 |
| APM peak | 41 |
| eAPM avg | 10.7 |
| Villagers / military | 107 / 371 |
Focus
⚔️ 59.2% · 🌾 40.8%
Spearman ×286 · Knight ×71 · Scout Cavalry ×12 · Trebuchet (Packed) ×2
Feudal
10:31
Castle
23:48
Imperial
46:24
| APM avg | 35.6 |
| APM peak | 73 |
| eAPM avg | 28.0 |
| Villagers / military | 157 / 1388 |
Focus
⚔️ 69.6% · 🌾 30.4%
Spearman ×460 · Scout Cavalry ×410 · Skirmisher ×270 · Scorpion ×134 · Militia ×38 · Boyar ×35
Match map
Initial resources + every placement click. Lines = walls · curves = elevation contours. ◆ gold · ⬟ stone · ● berries · ✦ relic · ◌ wall gap
Your base· ✓ Closed at 24:14 · 0t walls · 1 gate(s)
Brad_of_the_Day's base· ✓ Closed at 36:49 · 9t walls · 1 gate(s)
2pacsghost's base· ✓ Closed at 23:30 · 10t walls · 1 gate(s)
MorganFreeman'sBodyGuard's base· ✓ Closed at 23:48 · 12t walls · 1 gate(s)
Smoothed initial terrain · ◌ = detected wall gap · hover for details
Inputs per minute
— Helot_boy_Xeones - - Brad_of_the_Day
Build order — Helot_boy_Xeones
First 150 of 1151 actions detected
| 0:00 | Create | Villager (Male) |
| 0:01 | Create | Villager (Male) |
| 0:01 | Create | Villager (Male) |
| 0:02 | Build | House |
| 0:05 | Build | House |
| 0:23 | Create | Villager (Male) |
| 1:27 | Create | Villager (Male) |
| 2:18 | Create | Villager (Male) |
| 2:18 | Create | Villager (Male) |
| 3:08 | Build | Lumber Camp |
| 3:12 | Create | Villager (Male) |
| 3:12 | Create | Villager (Male) |
| 3:52 | Create | Villager (Male) |
| 3:53 | Create | Villager (Male) |
| 4:25 | Create | Villager (Male) |
| 4:56 | Build | House |
| 4:57 | Research | Loom |
| 4:59 | Create | Villager (Male) |
| 5:37 | Create | Villager (Male) |
| 6:05 | Create | Villager (Male) |
| 6:05 | Create | Villager (Male) |
| 6:18 | Build | House |
| 7:01 | Create | Villager (Male) |
| 7:03 | Create | Villager (Male) |
| 7:28 | Create | Villager (Male) |
| 7:33 | Build | Mill |
| 8:14 | Create | Villager (Male) |
| 8:15 | Create | Villager (Male) |
| 8:31 | Build | Mining Camp |
| 9:08 | Research | Feudal Age |
| 9:49 | Build | Lumber Camp |
| 10:26 | Build | Barracks |
| 10:29 | Create | Villager (Male) |
| 11:02 | Build | Mill |
| 11:18 | Age | Feudal Age |
| 11:30 | Create | Villager (Male) |
| 11:33 | Build | Archery Range |
| 11:46 | Research | Wheelbarrow |
| 11:52 | Build | House |
| 11:58 | Build | House |
| 12:16 | Create | Villager (Male) |
| 12:27 | Build | Blacksmith |
| 12:30 | Build | Archery Range |
| 12:31 | Create | Archer |
| 13:11 | Build | House |
| 13:18 | Create | Spearman ×4 |
| 13:24 | Create | Archer |
| 13:25 | Create | Villager (Male) |
| 13:29 | Research | Double-Bit Axe |
| 13:52 | Create | Archer |
| 13:54 | Create | Archer |
| 14:02 | Build | Mill |
| 14:03 | Create | Villager (Male) |
| 14:07 | Create | Archer |
| 14:35 | Create | Villager (Male) |
| 14:50 | Create | Archer |
| 14:56 | Build | House |
| 14:59 | Research | Fletching |
| 14:59 | Research | Padded Archer Armor |
| 15:05 | Build | House |
| 15:14 | Research | Town Watch |
| 15:14 | Create | Villager (Male) |
| 15:16 | Create | Archer |
| 15:16 | Create | Archer |
| 15:31 | Create | Archer |
| 15:34 | Create | Villager (Male) |
| 15:48 | Build | House |
| 15:49 | Build | House |
| 15:50 | Build | House |
| 15:51 | Build | House |
| 15:57 | Create | Archer |
| 15:57 | Create | Archer |
| 16:01 | Research | Padded Archer Armor |
| 16:34 | Create | Archer |
| 16:34 | Create | Archer |
| 16:45 | Create | Villager (Male) |
| 16:51 | Create | Villager (Male) |
| 16:54 | Create | Archer |
| 16:54 | Create | Archer |
| 17:13 | Build | Farm |
| 17:15 | Build | Farm |
| 17:17 | Create | Villager (Male) |
| 17:29 | Create | Villager (Male) |
| 18:21 | Create | Villager (Male) |
| 18:24 | Build | Farm |
| 18:25 | Build | Farm |
| 18:26 | Build | Farm |
| 18:28 | Create | Villager (Male) |
| 18:33 | Build | Farm |
| 18:37 | Build | Farm |
| 18:39 | Build | Farm |
| 18:41 | Create | Villager (Male) |
| 18:44 | Build | Farm |
| 18:47 | Create | Archer |
| 18:48 | Create | Archer |
| 19:06 | Create | Villager (Male) |
| 19:12 | Create | Villager (Male) |
| 19:14 | Build | Farm |
| 19:16 | Build | Farm |
| 19:19 | Create | Villager (Male) |
| 19:26 | Build | Palisade Gate |
| 19:45 | Build | Farm |
| 19:47 | Build | Farm |
| 19:48 | Create | Villager (Male) |
| 19:56 | Build | Farm |
| 20:00 | Build | Farm |
| 20:01 | Build | Farm |
| 20:54 | Build | Mill |
| 21:34 | Research | Castle Age |
| 22:59 | Create | Villager (Male) |
| 23:01 | Create | Villager (Male) |
| 23:01 | Create | Villager (Male) |
| 23:06 | Research | Horse Collar |
| 23:07 | Research | Gold Mining |
| 23:08 | Research | Stone Mining |
| 23:48 | Create | Archer |
| 23:48 | Create | Archer |
| 23:48 | Create | Archer |
| 23:49 | Create | Archer |
| 23:49 | Create | Archer |
| 24:14 | Age | Castle Age |
| 24:20 | Research | Crossbowman (upgrade) |
| 24:25 | Research | Thumb Ring |
| 24:28 | Research | Bodkin Arrow |
| 24:29 | Research | Leather Archer Armor |
| 24:31 | Create | Villager (Male) |
| 24:33 | Research | Bow Saw |
| 24:58 | Build | Mining Camp |
| 24:59 | Build | House |
| 25:04 | Create | Archer |
| 25:04 | Create | Archer |
| 25:42 | Create | Archer |
| 25:43 | Create | Archer |
| 25:43 | Create | Archer |
| 25:44 | Create | Archer |
| 25:50 | Create | Villager (Male) |
| 25:50 | Create | Villager (Male) |
| 25:50 | Create | Villager (Male) |
| 25:53 | Build | Town Center |
| 26:14 | Research | Gold Shaft Mining |
| 26:17 | Create | Archer |
| 26:17 | Create | Archer |
| 26:43 | Build | Siege Workshop |
| 26:44 | Build | Siege Workshop |
| 26:49 | Research | Hand Cart |
| 26:52 | Create | Villager (Male) |
| 26:57 | Create | Villager (Male) |
| 26:57 | Create | Villager (Male) |
| 27:12 | Build | Lumber Camp |
| 27:38 | Create | Villager (Male) |
Build order — Brad_of_the_Day
First 150 of 238 actions detected
| 0:13 | Create | Villager (Male) |
| 0:14 | Create | Villager (Male) |
| 0:14 | Create | Villager (Male) |
| 0:15 | Create | Villager (Male) |
| 1:40 | Build | House |
| 1:42 | Build | House |
| 2:34 | Create | Villager (Male) |
| 3:31 | Create | Villager (Male) |
| 3:41 | Build | House |
| 4:10 | Create | Villager (Male) |
| 4:38 | Build | Barracks |
| 5:59 | Create | Villager (Male) |
| 5:59 | Create | Villager (Male) |
| 6:00 | Create | Villager (Male) |
| 6:01 | Create | Villager (Male) |
| 8:11 | Build | Mill |
| 8:55 | Create | Villager (Male) |
| 8:57 | Create | Villager (Male) |
| 8:57 | Create | Villager (Male) |
| 8:58 | Create | Villager (Male) |
| 10:06 | Build | Lumber Camp |
| 10:44 | Research | Feudal Age |
| 11:16 | Create | Villager (Male) |
| 11:17 | Create | Villager (Male) |
| 11:24 | Create | Militia |
| 11:24 | Create | Militia |
| 12:10 | Build | Farm |
| 12:48 | Age | Feudal Age |
| 12:55 | Build | Stable |
| 13:00 | Create | Villager (Male) |
| 13:00 | Create | Villager (Male) |
| 13:01 | Create | Villager (Male) |
| 14:09 | Build | Farm |
| 14:12 | Research | Double-Bit Axe |
| 14:48 | Create | Scout Cavalry |
| 14:49 | Create | Scout Cavalry |
| 15:08 | Build | Farm |
| 15:20 | Build | House |
| 15:39 | Research | Horse Collar |
| 16:02 | Create | Scout Cavalry |
| 16:04 | Create | Scout Cavalry |
| 16:13 | Create | Militia |
| 16:14 | Create | Militia |
| 16:48 | Create | Spearman |
| 18:15 | Create | Spearman |
| 19:18 | Build | Farm |
| 19:33 | Build | Farm |
| 20:36 | Create | Villager (Male) |
| 22:11 | Create | Villager (Male) |
| 22:11 | Create | Villager (Male) |
| 22:48 | Build | Palisade Wall |
| 23:09 | Build | Farm |
| 23:10 | Build | Farm |
| 23:14 | Build | Farm |
| 23:25 | Build | Farm |
| 24:32 | Create | Scout Cavalry |
| 24:32 | Create | Scout Cavalry |
| 24:33 | Create | Scout Cavalry |
| 24:33 | Create | Scout Cavalry |
| 25:04 | Build | Palisade Wall |
| 25:22 | Build | Palisade Gate |
| 25:46 | Create | Villager (Male) |
| 25:58 | Build | House |
| 26:11 | Create | Scout Cavalry |
| 26:11 | Create | Scout Cavalry |
| 26:29 | Build | Mining Camp |
| 26:31 | Create | Villager (Male) |
| 26:32 | Create | Villager (Male) |
| 26:43 | Build | Mining Camp |
| 26:53 | Build | Farm |
| 27:34 | Build | Farm |
| 28:00 | Build | Blacksmith |
| 28:57 | Build | House |
| 29:01 | Build | House |
| 29:30 | Build | Farm |
| 29:33 | Research | Wheelbarrow |
| 29:39 | Research | Town Watch |
| 29:45 | Create | Scout Cavalry |
| 29:45 | Create | Scout Cavalry |
| 29:46 | Create | Scout Cavalry |
| 29:57 | Create | Villager (Male) |
| 29:58 | Create | Villager (Male) |
| 30:06 | Research | Gold Mining |
| 30:30 | Build | Farm |
| 31:22 | Research | Bloodlines |
| 31:45 | Research | Scale Barding Armor |
| 31:53 | Build | Farm |
| 33:01 | Build | Mill |
| 33:50 | Build | Farm |
| 34:23 | Research | Castle Age |
| 34:42 | Build | Farm |
| 35:08 | Create | Scout Cavalry |
| 35:08 | Create | Scout Cavalry |
| 35:09 | Create | Scout Cavalry |
| 36:03 | Create | Scout Cavalry |
| 36:03 | Create | Scout Cavalry |
| 36:04 | Create | Scout Cavalry |
| 36:49 | Age | Castle Age |
| 37:05 | Research | Light Cavalry (upgrade) |
| 37:06 | Research | Husbandry |
| 37:11 | Create | Villager (Male) |
| 37:12 | Create | Villager (Male) |
| 37:36 | Build | Stable |
| 37:55 | Research | Heavy Plow |
| 38:12 | Build | Farm |
| 38:16 | Build | Farm |
| 38:29 | Research | Gold Shaft Mining |
| 38:42 | Create | Camel Scout |
| 38:42 | Create | Camel Scout |
| 38:42 | Create | Camel Scout |
| 39:04 | Create | Camel Scout |
| 39:05 | Create | Camel Scout |
| 39:05 | Create | Camel Scout |
| 41:37 | Build | Castle |
| 44:34 | Build | Lumber Camp |
| 45:34 | Build | Market |
| 47:50 | Build | Town Center |
| 48:55 | Research | Bow Saw |
| 49:16 | Create | War Elephant |
| 49:36 | Build | Stable |
| 49:43 | Create | Villager (Male) |
| 49:43 | Create | Villager (Male) |
| 49:43 | Create | Villager (Male) |
| 49:44 | Create | Villager (Male) |
| 50:07 | Create | Villager (Male) |
| 50:08 | Create | Villager (Male) |
| 50:08 | Create | Villager (Male) |
| 50:09 | Create | Villager (Male) |
| 50:09 | Create | Villager (Male) |
| 50:09 | Create | Villager (Male) |
| 50:10 | Create | Villager (Male) |
| 51:10 | Build | Stone Wall |
| 51:46 | Build | Stable |
| 51:48 | Build | Stable |
| 53:15 | Create | Camel Scout |
| 53:15 | Create | Camel Scout |
| 53:56 | Create | Villager (Male) |
| 53:57 | Create | Villager (Male) |
| 53:57 | Create | Villager (Male) |
| 53:59 | Create | Villager (Male) |
| 55:32 | Build | Mill |
| 55:41 | Build | Farm |
| 55:43 | Build | Farm |
| 56:06 | Create | Camel Scout |
| 56:06 | Create | Camel Scout |
| 56:58 | Build | Palisade Gate |
| 57:08 | Build | Farm |
| 57:13 | Build | Farm |
| 57:18 | Create | Villager (Male) |
| 57:18 | Create | Villager (Male) |
Build order — 2pacsghost
First 150 of 633 actions detected
| 0:01 | Create | Villager (Male) |
| 0:01 | Create | Villager (Male) |
| 0:02 | Create | Villager (Male) |
| 0:02 | Create | Villager (Male) |
| 0:06 | Build | House |
| 0:33 | Build | House |
| 1:50 | Create | Villager (Male) |
| 2:11 | Create | Villager (Male) |
| 2:41 | Create | Villager (Male) |
| 3:13 | Create | Villager (Male) |
| 3:24 | Create | Villager (Male) |
| 3:26 | Research | Loom |
| 3:36 | Build | House |
| 3:48 | Create | Villager (Male) |
| 4:12 | Create | Villager (Male) |
| 4:13 | Create | Villager (Male) |
| 4:24 | Build | Lumber Camp |
| 4:31 | Create | Villager (Male) |
| 4:49 | Build | Mill |
| 5:28 | Create | Villager (Male) |
| 6:03 | Build | House |
| 6:20 | Create | Villager (Male) |
| 6:20 | Create | Villager (Male) |
| 6:43 | Create | Villager (Male) |
| 6:45 | Create | Villager (Male) |
| 6:45 | Create | Villager (Male) |
| 7:05 | Build | Mining Camp |
| 7:23 | Create | Villager (Male) |
| 7:24 | Create | Villager (Male) |
| 7:33 | Build | House |
| 7:54 | Create | Villager (Male) |
| 7:55 | Create | Villager (Male) |
| 8:10 | Build | Mining Camp |
| 8:53 | Build | Mill |
| 9:02 | Create | Villager (Male) |
| 9:02 | Create | Villager (Male) |
| 10:01 | Create | Villager (Male) |
| 10:14 | Build | House |
| 11:59 | Research | Feudal Age |
| 14:09 | Age | Feudal Age |
| 14:15 | Build | Watch Tower |
| 16:04 | Build | Barracks |
| 16:31 | Build | Stone Wall |
| 16:45 | Build | Gate |
| 16:57 | Build | Stone Wall |
| 17:09 | Research | Horse Collar |
| 17:31 | Create | Villager (Male) |
| 17:31 | Create | Villager (Male) |
| 17:32 | Create | Villager (Male) |
| 17:32 | Create | Villager (Male) |
| 17:49 | Build | Stable |
| 18:04 | Create | Villager (Male) |
| 18:04 | Create | Villager (Male) |
| 19:30 | Research | Stone Mining |
| 19:40 | Research | Double-Bit Axe |
| 20:21 | Build | Blacksmith |
| 20:31 | Research | Bloodlines |
| 20:50 | Research | Castle Age |
| 21:01 | Build | Farm |
| 21:03 | Build | Farm |
| 21:04 | Build | Farm |
| 21:07 | Build | Farm |
| 22:11 | Build | Farm |
| 22:20 | Build | Farm |
| 22:52 | Build | Farm |
| 22:53 | Build | Farm |
| 22:54 | Build | Farm |
| 22:56 | Build | Farm |
| 22:57 | Build | Farm |
| 23:30 | Research | Wheelbarrow |
| 23:30 | Age | Castle Age |
| 24:49 | Research | Bloodlines |
| 24:59 | Build | Farm |
| 25:01 | Build | Farm |
| 25:03 | Build | Farm |
| 25:05 | Build | Farm |
| 25:07 | Build | Farm |
| 25:12 | Create | Villager (Male) |
| 25:12 | Create | Villager (Male) |
| 25:26 | Create | Knight |
| 25:27 | Create | Knight |
| 25:52 | Build | House |
| 25:54 | Build | House |
| 25:56 | Build | House |
| 26:22 | Research | Heavy Plow |
| 26:31 | Research | Gold Mining |
| 27:23 | Research | Hand Cart |
| 27:51 | Create | Knight |
| 27:51 | Create | Knight |
| 30:49 | Create | Knight |
| 30:50 | Create | Knight |
| 30:50 | Create | Knight |
| 30:50 | Create | Knight |
| 30:56 | Create | Villager (Male) |
| 30:56 | Create | Villager (Male) |
| 30:57 | Create | Villager (Male) |
| 32:00 | Build | Castle |
| 33:41 | Create | Knight |
| 33:41 | Create | Knight |
| 33:41 | Create | Knight |
| 33:45 | Create | Villager (Male) |
| 33:46 | Create | Villager (Male) |
| 33:46 | Create | Villager (Male) |
| 33:48 | Create | Villager (Male) |
| 33:48 | Create | Villager (Male) |
| 34:08 | Create | Villager (Male) |
| 34:09 | Create | Villager (Male) |
| 34:09 | Create | Villager (Male) |
| 34:09 | Create | Villager (Male) |
| 34:10 | Create | Villager (Male) |
| 34:18 | Build | Town Center |
| 34:28 | Create | Villager (Male) |
| 34:29 | Create | Villager (Male) |
| 34:29 | Create | Villager (Male) |
| 34:29 | Create | Villager (Male) |
| 34:29 | Create | Villager (Male) |
| 34:43 | Create | Knight |
| 34:43 | Create | Knight |
| 34:43 | Create | Knight |
| 34:44 | Create | Knight |
| 36:09 | Create | Villager (Male) |
| 36:09 | Create | Villager (Male) |
| 36:17 | Create | Villager (Male) |
| 36:17 | Create | Villager (Male) |
| 36:17 | Create | Villager (Male) |
| 36:22 | Create | Villager (Male) |
| 36:23 | Create | Villager (Male) |
| 36:23 | Create | Villager (Male) |
| 36:23 | Create | Villager (Male) |
| 36:23 | Create | Villager (Male) |
| 36:24 | Create | Villager (Male) |
| 36:24 | Create | Villager (Male) |
| 36:31 | Create | Villager (Male) |
| 36:31 | Create | Villager (Male) |
| 36:31 | Create | Villager (Male) |
| 36:34 | Research | Scale Barding Armor |
| 36:35 | Research | Forging |
| 36:40 | Create | Knight |
| 36:40 | Create | Knight |
| 36:54 | Build | Stable |
| 36:55 | Build | Stable |
| 38:03 | Create | Villager (Male) |
| 38:03 | Create | Villager (Male) |
| 38:09 | Create | Knight |
| 38:10 | Create | Knight |
| 38:10 | Create | Knight |
| 38:11 | Create | Knight |
| 38:11 | Create | Knight |
| 38:30 | Build | House |
| 38:30 | Build | House |
Build order — MorganFreeman'sBodyGuard
First 150 of 1669 actions detected
| 0:02 | Create | Villager (Male) |
| 0:02 | Create | Villager (Male) |
| 0:02 | Create | Villager (Male) |
| 0:04 | Build | House |
| 0:06 | Build | House |
| 0:13 | Create | Villager (Male) |
| 1:31 | Create | Villager (Male) |
| 1:49 | Create | Villager (Male) |
| 2:04 | Build | Lumber Camp |
| 2:22 | Create | Villager (Male) |
| 2:49 | Create | Villager (Male) |
| 3:11 | Create | Villager (Male) |
| 3:52 | Create | Villager (Male) |
| 3:59 | Build | House |
| 4:16 | Create | Villager (Male) |
| 4:49 | Build | Barracks |
| 4:56 | Create | Villager (Male) |
| 5:18 | Create | Villager (Male) |
| 5:24 | Build | Palisade Wall |
| 5:46 | Create | Villager (Male) |
| 6:04 | Build | Palisade Gate |
| 6:07 | Build | Palisade Wall |
| 6:13 | Create | Villager (Male) |
| 6:14 | Create | Villager (Male) |
| 6:56 | Create | Villager (Male) |
| 7:06 | Build | House |
| 7:17 | Create | Villager (Male) |
| 7:36 | Build | Mill |
| 7:55 | Research | Loom |
| 8:06 | Build | Mining Camp |
| 8:21 | Research | Feudal Age |
| 8:41 | Create | Militia |
| 8:41 | Create | Militia |
| 9:17 | Create | Militia |
| 9:17 | Create | Militia |
| 10:07 | Create | Militia |
| 10:31 | Age | Feudal Age |
| 10:44 | Create | Villager (Male) |
| 10:47 | Research | Double-Bit Axe |
| 10:49 | Create | Militia |
| 11:16 | Build | House |
| 11:19 | Build | Farm |
| 11:21 | Create | Villager (Male) |
| 11:22 | Create | Villager (Male) |
| 11:40 | Create | Villager (Male) |
| 11:44 | Research | Man-at-Arms (upgrade) |
| 11:55 | Build | Farm |
| 11:55 | Build | Farm |
| 11:56 | Build | Farm |
| 12:53 | Create | Villager (Male) |
| 12:55 | Create | Militia |
| 12:56 | Create | Militia |
| 13:16 | Build | Farm |
| 13:17 | Build | Farm |
| 13:21 | Build | Farm |
| 13:51 | Create | Villager (Male) |
| 13:52 | Create | Villager (Male) |
| 13:52 | Create | Militia |
| 13:53 | Create | Militia |
| 14:02 | Research | Horse Collar |
| 14:09 | Build | House |
| 14:11 | Build | House |
| 14:30 | Create | Villager (Male) |
| 14:46 | Create | Villager (Male) |
| 14:48 | Build | House |
| 14:51 | Build | Blacksmith |
| 15:16 | Create | Militia |
| 15:17 | Create | Militia |
| 15:23 | Build | House |
| 15:53 | Build | Lumber Camp |
| 15:57 | Build | Mining Camp |
| 16:01 | Create | Villager (Male) |
| 16:14 | Build | Stable |
| 16:20 | Build | Farm |
| 16:25 | Build | Archery Range |
| 16:29 | Create | Villager (Male) |
| 16:39 | Build | Farm |
| 16:48 | Create | Villager (Male) |
| 17:13 | Create | Villager (Male) |
| 17:18 | Create | Skirmisher |
| 17:19 | Create | Skirmisher |
| 17:20 | Create | Skirmisher |
| 17:29 | Create | Villager (Male) |
| 17:32 | Build | Market |
| 17:46 | Create | Skirmisher |
| 17:46 | Create | Skirmisher |
| 17:50 | Create | Militia |
| 17:51 | Create | Militia |
| 17:51 | Create | Militia |
| 18:08 | Create | Villager (Male) |
| 18:14 | Build | Farm |
| 18:17 | Create | Skirmisher |
| 18:29 | Create | Villager (Male) |
| 18:37 | Build | Farm |
| 18:40 | Build | Farm |
| 18:46 | Research | Padded Archer Armor |
| 19:05 | Create | Villager (Male) |
| 19:10 | Build | Archery Range |
| 19:12 | Build | Farm |
| 19:27 | Create | Militia |
| 19:28 | Create | Spearman |
| 19:31 | Create | Skirmisher |
| 19:39 | Build | Farm |
| 20:18 | Create | Villager (Male) |
| 20:35 | Create | Villager (Male) |
| 20:59 | Research | Castle Age |
| 21:02 | Create | Skirmisher |
| 21:03 | Create | Skirmisher |
| 21:03 | Create | Skirmisher |
| 21:04 | Create | Skirmisher |
| 21:17 | Build | Farm |
| 21:20 | Build | Farm |
| 21:22 | Create | Skirmisher |
| 21:23 | Create | Skirmisher |
| 21:23 | Create | Skirmisher |
| 21:23 | Create | Skirmisher |
| 21:38 | Create | Skirmisher |
| 21:39 | Create | Skirmisher |
| 21:39 | Create | Skirmisher |
| 21:57 | Create | Skirmisher |
| 21:57 | Create | Skirmisher |
| 22:29 | Create | Skirmisher |
| 22:30 | Create | Skirmisher |
| 22:34 | Research | Gold Mining |
| 22:42 | Build | Farm |
| 22:43 | Build | Farm |
| 22:48 | Build | Lumber Camp |
| 22:52 | Build | House |
| 23:08 | Create | Militia |
| 23:08 | Create | Militia |
| 23:09 | Create | Militia |
| 23:09 | Create | Militia |
| 23:16 | Build | House |
| 23:25 | Research | Fletching |
| 23:27 | Create | Skirmisher |
| 23:27 | Create | Skirmisher |
| 23:39 | Create | Spearman |
| 23:39 | Create | Spearman |
| 23:48 | Age | Castle Age |
| 23:58 | Create | Villager (Male) |
| 24:01 | Create | Spearman |
| 24:01 | Create | Spearman |
| 24:12 | Research | Elite Skirmisher (upgrade) |
| 24:45 | Build | House |
| 24:47 | Build | House |
| 24:47 | Build | House |
| 24:47 | Build | House |
| 24:48 | Build | House |
| 24:51 | Create | Spearman |
| 24:51 | Research | Pikeman (upgrade) |
Match timeline
| 4:38 | Brad_of_the_Day · first_building Barracks |
| 4:49 | MorganFreeman'sBodyGuard · first_building Barracks |
| 5:24 | MorganFreeman'sBodyGuard · wall_segment Palisade Wall x10 |
| 6:07 | MorganFreeman'sBodyGuard · wall_segment Palisade Wall x2 |
| 10:26 | Helot_boy_Xeones · first_building Barracks |
| 10:31 | MorganFreeman'sBodyGuard · age_up feudal |
| 11:18 | Helot_boy_Xeones · age_up feudal |
| 11:33 | Helot_boy_Xeones · first_building Archery Range |
| 12:48 | Brad_of_the_Day · age_up feudal |
| 12:55 | Brad_of_the_Day · first_building Stable |
| 14:09 | 2pacsghost · age_up feudal |
| 16:04 | 2pacsghost · first_building Barracks |
| 16:14 | MorganFreeman'sBodyGuard · first_building Stable |
| 16:25 | MorganFreeman'sBodyGuard · first_building Archery Range |
| 16:31 | 2pacsghost · wall_segment Stone Wall x5 |
| 16:57 | 2pacsghost · wall_segment Stone Wall x5 |
| 17:49 | 2pacsghost · first_building Stable |
| 19:46 | MorganFreeman'sBodyGuard · first_market_buy 100 food |
| 20:47 | MorganFreeman'sBodyGuard · first_market_sell 100 wood |
| 22:48 | Brad_of_the_Day · wall_segment Palisade Wall x9 |
| 23:30 | 2pacsghost · age_up castle |
| 23:48 | MorganFreeman'sBodyGuard · age_up castle |
| 24:14 | Helot_boy_Xeones · age_up castle |
| 25:04 | Brad_of_the_Day · wall_segment Palisade Wall x1 |
| 26:02 | MorganFreeman'sBodyGuard · first_building Siege Workshop |
| 26:43 | Helot_boy_Xeones · first_building Siege Workshop |
| 27:54 | MorganFreeman'sBodyGuard · wall_segment Palisade Wall x7 |
| 27:55 | MorganFreeman'sBodyGuard · wall_segment Palisade Wall x9 |
| 32:00 | 2pacsghost · first_building Castle |
| 35:52 | Helot_boy_Xeones · wall_segment Palisade Wall x1 |
| 36:13 | Helot_boy_Xeones · wall_segment Palisade Wall x1 |
| 36:30 | MorganFreeman'sBodyGuard · first_building Castle |
| 36:49 | Brad_of_the_Day · age_up castle |
| 38:28 | Helot_boy_Xeones · first_building Monastery |
| 39:45 | Helot_boy_Xeones · first_market_sell 100 wood |
| 40:22 | Helot_boy_Xeones · first_market_buy 100 food |
| 41:37 | Brad_of_the_Day · first_building Castle |
| 44:09 | Helot_boy_Xeones · age_up imperial |
| 46:13 | Helot_boy_Xeones · first_building Castle |
| 46:24 | MorganFreeman'sBodyGuard · age_up imperial |
| 48:39 | 2pacsghost · age_up imperial |
| 48:54 | MorganFreeman'sBodyGuard · tribute_sent a jugador 1 |
| 48:54 | MorganFreeman'sBodyGuard · tribute_sent a jugador 2 |
| 48:54 | MorganFreeman'sBodyGuard · tribute_sent a jugador 3 |
| 48:56 | Helot_boy_Xeones · first_building Stable |
| 51:10 | Brad_of_the_Day · wall_segment Stone Wall x9 |
| 54:29 | Helot_boy_Xeones · tribute_sent a jugador 2 |
| 54:29 | Helot_boy_Xeones · tribute_sent a jugador 3 |
| 54:29 | Helot_boy_Xeones · tribute_sent a jugador 4 |
| 56:39 | Helot_boy_Xeones · tribute_sent a jugador 2 |
| 56:39 | Helot_boy_Xeones · tribute_sent a jugador 3 |
| 56:39 | Helot_boy_Xeones · tribute_sent a jugador 4 |
| 58:54 | Helot_boy_Xeones · tribute_sent a jugador 2 |
| 58:54 | Helot_boy_Xeones · tribute_sent a jugador 3 |
| 58:54 | Helot_boy_Xeones · tribute_sent a jugador 4 |
| 59:52 | Brad_of_the_Day · first_market_sell 100 food |
| 60:29 | Helot_boy_Xeones · tribute_sent a jugador 2 |
| 60:29 | Helot_boy_Xeones · tribute_sent a jugador 3 |
| 60:29 | Helot_boy_Xeones · tribute_sent a jugador 4 |
| 62:08 | Helot_boy_Xeones · tribute_sent a jugador 2 |
| 62:08 | Helot_boy_Xeones · tribute_sent a jugador 3 |
| 62:08 | Helot_boy_Xeones · tribute_sent a jugador 4 |
| 64:37 | MorganFreeman'sBodyGuard · tribute_sent a jugador 1 |
| 64:37 | MorganFreeman'sBodyGuard · tribute_sent a jugador 2 |
| 64:37 | MorganFreeman'sBodyGuard · tribute_sent a jugador 3 |
| 78:09 | Helot_boy_Xeones · tribute_sent a jugador 2 |
| 78:09 | Helot_boy_Xeones · tribute_sent a jugador 3 |
| 78:09 | Helot_boy_Xeones · tribute_sent a jugador 4 |
| 79:43 | MorganFreeman'sBodyGuard · tribute_sent a jugador 1 |
| 79:43 | MorganFreeman'sBodyGuard · tribute_sent a jugador 2 |
| 79:43 | MorganFreeman'sBodyGuard · tribute_sent a jugador 3 |
| 80:07 | MorganFreeman'sBodyGuard · first_building Monastery |
| 82:19 | Helot_boy_Xeones · tribute_sent a jugador 2 |
| 82:19 | Helot_boy_Xeones · tribute_sent a jugador 3 |
| 82:19 | Helot_boy_Xeones · tribute_sent a jugador 4 |
| 83:24 | Helot_boy_Xeones · tribute_sent a jugador 2 |
| 83:24 | Helot_boy_Xeones · tribute_sent a jugador 3 |
| 83:24 | Helot_boy_Xeones · tribute_sent a jugador 4 |
| 87:43 | Helot_boy_Xeones · tribute_sent a jugador 2 |
| 87:43 | Helot_boy_Xeones · tribute_sent a jugador 3 |
| 87:43 | Helot_boy_Xeones · tribute_sent a jugador 4 |
| 91:57 | MorganFreeman'sBodyGuard · resign |
[ AI ANALYSIS · 1 CREDIT ]
What really happened in this match?
Wolo.gg analyzes every decision: build order, eco, micro, common mistakes by bracket. Personalized analysis on WhatsApp or Discord in 30 seconds.
Civ guide
Saracens
Perfil
Jugador #779082